 Dungeon Crawl Stone Soup version 0.28.0-53-g5a82cb258f (webtiles) character file.

Game seed: 2767912028592615635

7493 Renzlar the Blocker (level 11, -1/89 HPs)
             Began as a Gnoll Fighter on Aug 10, 2022.
             Was a High Priest of Okawaru.
             Slain by a skeletal warrior
             ... wielding a +0 battleaxe
              (15 damage)
             ... on level 10 of the Dungeon.
             The game lasted 00:35:17 (12237 turns).

Renzlar the Blocker (Gnoll Fighter)                Turns: 12237, Time: 00:35:17

Health: -1/89      AC: 24    Str: 20    XL:     11   Next: 16%
Magic:  15/20      EV: 10    Int:  8    God:    Okawaru [*****.]
Gold:   947        SH:  7    Dex: 11    Spells: 22/22 levels left

rFire   . . .      SeeInvis +   i - +2 flail (holy)
rCold   . . .      Faith    .   n - +0 buckler
rNeg    + . .      Spirit   .   s - +2 plate armour {rPois}
rPois   +          Reflect  .   u - +0 helmet {SInv}
rElec   .          Harm     .   f - +0 cloak
rCorr   .          Rampage  .   y - +0 pair of gloves
Will    .....                   r - +0 pair of boots
Stlth   ..........              (no amulet)
HPRegen 0.24/turn               p - ring of positive energy
MPRegen 0.17/turn               (no ring)

@: heroic, finesse-ful
A: fangs 1, strong nose, distributed training
a: Renounce Religion, Heroism, Finesse, Duel


You were on level 10 of the Dungeon.
You worshipped Okawaru.
Okawaru was extremely pleased with you.
You visited 2 branches of the dungeon, and saw 11 of its levels.

You collected 1096 gold pieces.
You spent 149 gold pieces at shops.

Inventory:

Hand Weapons
 a - a +1 war axe
 c - a +0 hunting sling
 i - a +2 flail of holy wrath (weapon)
 j - a +2 dagger of venom
 C - a +2 trident of protection
Missiles
 e - 266 stones
 g - 60 bolts
 h - 10 poisoned darts (quivered)
 x - 35 sling bullets
Armour
 b - a +1 scale mail
 f - a +0 cloak (worn)
 n - a +0 buckler (worn)
 r - a +0 pair of boots (worn)
 s - a +2 plate armour of poison resistance (worn)
 u - a +0 helmet of see invisible (worn)
 y - a +0 pair of gloves (worn)
Jewellery
 p - a ring of positive energy (left hand)
Wands
 k - a wand of iceblast (9)
 l - a wand of digging (11)
 B - a wand of mindburst (13)
Scrolls
 q - a scroll of blinking
 w - 3 scrolls of teleportation
 A - a scroll of enchant weapon
 D - a scroll of fog
Potions
 d - 2 potions of curing
 m - 2 potions of mutation
 o - 2 potions of resistance
 t - a potion of brilliance {unknown}
 v - a potion of magic {unknown}
 z - a potion of heal wounds {unknown}


   Skills:
 + Level 9.0(14.0) Fighting
 + Level 6.0(11.0) Short Blades
 + Level 6.0(11.0) Long Blades
 + Level 7.6(12.6) Axes
 + Level 6.0(11.0) Maces & Flails
 + Level 6.0(11.0) Polearms
 + Level 6.0(11.0) Staves
 + Level 6.0(11.0) Slings
 + Level 6.0(11.0) Bows
 + Level 6.0(11.0) Crossbows
 + Level 6.0(11.0) Throwing
 + Level 9.0(14.0) Armour
 + Level 6.0(11.0) Dodging
 + Level 6.0(11.0) Stealth
 + Level 9.0(14.0) Shields
 + Level 6.0(11.0) Unarmed Combat
 + Level 6.0 Spellcasting
 + Level 5.0 Conjurations
 + Level 5.0 Hexes
 + Level 5.0 Summonings
 + Level 5.0 Necromancy
 + Level 5.0 Translocations
 + Level 5.0 Transmutations
 + Level 5.0 Fire Magic
 + Level 5.0 Ice Magic
 + Level 5.0 Air Magic
 + Level 5.0 Earth Magic
 + Level 5.0 Poison Magic
 + Level 6.6 Invocations
 + Level 6.0 Evocations


You had 22 spell levels left.
You didn't know any spells.
Your spell library contained the following spells:

 Spells                   Type           Power      Damage    Failure   Level
 Apportation              Tloc           20%        N/A       41%         1
 Sublimation of Blood     Necr           10%        N/A       54%         2
 Wereblood                Tmut           10%        N/A       54%         2
 Dazzling Flash           Conj/Hex       20%        N/A       78%         3
 Iskenderun's Mystic Bla  Conj/Tloc      10%        2d4       99%         4
 Starburst                Conj/Fire      5%         6d4       100%        6
 Orb of Destruction       Conj           5%         9d5       100%        7
 Animate Skeleton         Necr           Unusable   N/A       N/A         1
 Summon Small Mammal      Summ           Unusable   N/A       N/A         1
 Summon Guardian Golem    Hex/Summ       Unusable   N/A       N/A         3
 Spellforged Servitor     Conj/Summ      Unusable   N/A       N/A         7
 Summon Hydra             Summ           Unusable   N/A       N/A         7

Dungeon Overview and Level Annotations

Branches:
Dungeon (10/15)            Temple (1/1) D:4            Lair (0/6) D:8
    Orc: D:9-12

Altars:
Ashenzari
Cheibriados
Dithmenos
Elyvilon
Gozag
Hepliaklqana
Kikubaaqudgha
Okawaru
Qazlal
Ru
Sif Muna
Trog
Uskayaw
Yredelemnul

Shops:
D:6 *

Annotations:
D:9 2 transporters, JJisdabomb's ghost, novice DsFi


Innate Abilities, Weirdness & Mutations

You have very sharp teeth.
Your uncanny sense of smell can sniff out nearby items.
Your experience applies equally to all skills.


Message History

You hit the skeletal warrior but do no damage.
Your bite misses the skeletal warrior.
The skeletal warrior is lightly damaged.
The skeletal warrior hits you with a +0 battleaxe!
* * * LOW HITPOINT WARNING * * *
You hit the skeletal warrior.
The skeletal warrior convulses.
You bite the skeletal warrior, but do no damage.
The skeletal warrior is lightly damaged.
You hit the skeletal warrior but do no damage.
You bite the skeletal warrior, but do no damage.
The skeletal warrior is lightly damaged.
You block the skeletal warrior's attack.
You barely miss the skeletal warrior.
The skeletal warrior is lightly damaged.
You hit the skeletal warrior but do no damage.
You bite the skeletal warrior, but do no damage.
The skeletal warrior is lightly damaged.
You closely miss the skeletal warrior.
You bite the skeletal warrior, but do no damage.
The skeletal warrior is lightly damaged.
The skeletal warrior hits you with a +0 battleaxe.
* * * LOW HITPOINT WARNING * * *
You hit the skeletal warrior.
The skeletal warrior convulses.
The skeletal warrior is lightly damaged.
You hit the skeletal warrior.
The skeletal warrior convulses.
Your bite misses the skeletal warrior.
The skeletal warrior is moderately damaged.
The skeletal warrior hits you with a +0 battleaxe.
* * * LOW HITPOINT WARNING * * *
You closely miss the skeletal warrior.
The skeletal warrior is moderately damaged.
You sock the skeletal warrior!
The skeletal warrior convulses.
The skeletal warrior is heavily damaged.
You closely miss the skeletal warrior.
The skeletal warrior is heavily damaged.
The skeletal warrior hits you with a +0 battleaxe!
* * * LOW HITPOINT WARNING * * *
You feel better.
The skeletal warrior hits you with a +0 battleaxe!
You die...

...........................#
...........................#
.........###########.......#
.........# #.....###
.........# #.....#
.........# #.....#
##.......# #.....#
#.......###########.....#
#..(.((((..((.z@........#
#..((###########...######
∆#....# #...# #.#..# #####
...#.Z# ...#..# ∆ ...#.(# ∆
...#..(.z...z ...#...z...(.


You could see a skeletal warrior.

Vanquished Creatures
  A two-headed ogre (D:6)
  A necromancer (D:10)
  An unseen horror (D:7)
  Maggie (D:6)
  A troll (D:9)
  2 shadows (D:10)
  5 yaks (D:9)
  4 flying skulls (D:10)
  2 wraiths
  A steam dragon (D:6)
  Menkaure (D:4)
  2 water moccasins
  An orc warrior (D:6)
  3 ice beasts
  2 black bears (D:5)
  A necrophage (D:7)
  4 ogres
  A centaur (D:7)
  2 kobold brigands
  4 bullfrogs
  2 scorpions
  A water moccasin zombie (D:5)
  A water moccasin skeleton (D:5)
  A howler monkey (D:7)
  A vampire bat (D:4)
  4 centaur zombies
  A jelly (D:4)
  A hound (D:5)
  4 orc priests
  A gnoll shaman (D:4)
  Crazy Yiuf (D:2)
  4 centaur skeletons
  Ijyb (D:3)
  5 iguanas
  4 orc wizards
  A killer bee zombie (D:7)
  3 gnolls (D:4)
  A howler monkey skeleton (D:10)
  5 adders
  A white imp (D:6)
  An adder skeleton (D:4)
  A worm (D:3)
  10 dart slugs
  17 orcs
  5 bats
  3 bat skeletons (D:4)
  A bat zombie (D:4)
  8 endoplasms
  2 giant cockroaches (D:2)
  3 goblins
  7 hobgoblins
  8 jackals
  8 quokkas
  6 ball pythons
  A frilled lizard (D:1)
  15 kobolds
  9 rats
188 creatures vanquished.

Vanquished Creatures (others)
  5 fungi (D:2)
  5 plants (D:2)
10 creatures vanquished.

Grand Total: 198 creatures vanquished

Notes
Turn   | Place    | Note
-------+----------+-------------------------------------------
     0 | D:1      | Renzlar the Gnoll Fighter began the quest for the Orb.
     0 | D:1      | Reached XP level 1. HP: 23/23 MP: 1/1
    80 | D:1      | Reached XP level 2. HP: 24/29 MP: 2/2
   413 | D:1      | Reached XP level 3. HP: 35/35 MP: 3/3
  1080 | D:2      | Reached skill level 1 in Invocations
  1091 | D:2      | Reached skill level 1 in Short Blades
  1091 | D:2      | Reached skill level 1 in Long Blades
  1091 | D:2      | Reached skill level 1 in Maces & Flails
  1091 | D:2      | Reached skill level 1 in Polearms
  1091 | D:2      | Reached skill level 1 in Staves
  1091 | D:2      | Reached skill level 1 in Slings
  1091 | D:2      | Reached skill level 1 in Bows
  1091 | D:2      | Reached skill level 1 in Crossbows
  1091 | D:2      | Reached skill level 1 in Throwing
  1091 | D:2      | Reached skill level 1 in Dodging
  1091 | D:2      | Reached skill level 1 in Stealth
  1091 | D:2      | Reached skill level 1 in Unarmed Combat
  1091 | D:2      | Reached skill level 1 in Spellcasting
  1091 | D:2      | Reached skill level 1 in Evocations
  1132 | D:2      | Found a faded altar of an unknown god.
  1314 | D:2      | Reached XP level 4. HP: 38/41 MP: 5/5
  1566 | D:2      | Found a runed translucent door.
  1567 | D:2      | Noticed Crazy Yiuf
  1578 | D:2      | Killed Crazy Yiuf
  1579 | D:2      | Reached skill level 1 in Conjurations
  1579 | D:2      | Reached skill level 1 in Hexes
  1579 | D:2      | Reached skill level 1 in Summonings
  1579 | D:2      | Reached skill level 1 in Necromancy
  1579 | D:2      | Reached skill level 1 in Translocations
  1579 | D:2      | Reached skill level 1 in Transmutations
  1579 | D:2      | Reached skill level 1 in Fire Magic
  1579 | D:2      | Reached skill level 1 in Ice Magic
  1579 | D:2      | Reached skill level 1 in Air Magic
  1579 | D:2      | Reached skill level 1 in Earth Magic
  1579 | D:2      | Reached skill level 1 in Poison Magic
  2164 | D:3      | Reached XP level 5. HP: 36/47 MP: 5/7
  2402 | D:3      | Noticed Ijyb
  2416 | D:3      | Killed Ijyb
  2829 | D:3      | Noticed an ice beast
  2837 | D:3      | Killed an ice beast
  2838 | D:3      | Reached XP level 6. HP: 15/53 MP: 8/8
  3204 | D:4      | Reached skill level 5 in Axes
  3932 | D:4      | Reached XP level 7. HP: 44/59 MP: 10/10
  4112 | D:4      | Noticed Menkaure
  4119 | D:4      | Killed Menkaure
  4520 | D:4      | Found an ancient bone altar of Kikubaaqudgha.
  4784 | D:4      | Found a staircase to the Ecumenical Temple.
  4793 | Temple   | Entered the Ecumenical Temple
  4837 | Temple   | Became a worshipper of Warmaster Okawaru
  4927 | D:5      | Entered Level 5 of the Dungeon
  4936 | D:5      | Reached XP level 8. HP: 57/67 MP: 12/12
  5030 | D:5      | Found a basalt altar of Yredelemnul.
  5759 | D:5      | Reached * piety under Okawaru
  5946 | D:5      | Found a snail-covered altar of Cheibriados.
  6006 | D:5      | Found a shimmering blue altar of Sif Muna.
  6387 | D:6      | Noticed Maggie
  6404 | D:6      | Killed Maggie
  6405 | D:6      | Reached XP level 9. HP: 45/73 MP: 14/14
  6613 | D:6      | Reached ** piety under Okawaru
  6930 | D:6      | Noticed a two-headed ogre
  6944 | D:6      | Killed a two-headed ogre
  7203 | D:6      | Found Tibazimu's General Store.
  7211 | D:6      | Bought a +0 helmet of see invisible for 149 gold pieces
  7474 | D:7      | Reached skill level 5 in Invocations
  7581 | D:7      | Noticed an unseen horror
  7609 | D:7      | Killed an unseen horror
  7609 | D:7      | Reached *** piety under Okawaru
  7727 | D:7      | Reached XP level 10. HP: 80/80 MP: 17/17
  7771 | D:7      | Found a stormy altar of Qazlal.
  7904 | D:7      | Found a bloodstained altar of Trog.
  8261 | D:7      | Reached skill level 5 in Short Blades
  8261 | D:7      | Reached skill level 5 in Long Blades
  8261 | D:7      | Reached skill level 5 in Maces & Flails
  8261 | D:7      | Reached skill level 5 in Polearms
  8261 | D:7      | Reached skill level 5 in Staves
  8261 | D:7      | Reached skill level 5 in Slings
  8261 | D:7      | Reached skill level 5 in Bows
  8261 | D:7      | Reached skill level 5 in Crossbows
  8261 | D:7      | Reached skill level 5 in Throwing
  8261 | D:7      | Reached skill level 5 in Dodging
  8261 | D:7      | Reached skill level 5 in Stealth
  8261 | D:7      | Reached skill level 5 in Unarmed Combat
  8261 | D:7      | Reached skill level 5 in Spellcasting
  8261 | D:7      | Reached skill level 5 in Evocations
  8445 | D:7      | Identified a scroll of acquirement
  8445 | D:7      | Acquired 635 gold pieces
  9862 | D:8      | Found a staircase to the Lair.
 10705 | D:9      | Reached **** piety under Okawaru
 11339 | D:9      | Found a transporter.
 11351 | D:9      | Noticed a moth of wrath
 11361 | D:9      | Found a transporter.
 11364 | D:9      | Noticed an eight-headed hydra
 11365 | D:9      | Noticed JJisdabomb's ghost (novice DsFi)
 11805 | D:10     | Entered Level 10 of the Dungeon
 12094 | D:10     | Reached ***** piety under Okawaru
 12094 | D:10     | Received a gift from Okawaru
 12097 | D:10     | Reached XP level 11. HP: 56/87 MP: 19/19
 12101 | D:10     | Noticed a necromancer
 12110 | D:10     | Killed a necromancer
 12190 | D:10     | Reached skill level 5 in Conjurations
 12190 | D:10     | Reached skill level 5 in Hexes
 12190 | D:10     | Reached skill level 5 in Summonings
 12190 | D:10     | Reached skill level 5 in Necromancy
 12190 | D:10     | Reached skill level 5 in Translocations
 12190 | D:10     | Reached skill level 5 in Transmutations
 12190 | D:10     | Reached skill level 5 in Fire Magic
 12190 | D:10     | Reached skill level 5 in Ice Magic
 12190 | D:10     | Reached skill level 5 in Air Magic
 12190 | D:10     | Reached skill level 5 in Earth Magic
 12190 | D:10     | Reached skill level 5 in Poison Magic
 12203 | D:10     | Noticed a skeletal warrior
 12237 | D:10     | Slain by a skeletal warrior

Illustrated notes

Levels and vault maps discovered:
D:1:      matt_arrival_refuge, layout_loops_ring
D:2:      layout_loops_ring, dreamdust_ecumenical_altar_grove,
          uniq_crazy_yiuf_cottage
D:3:      layout_loops_corners, uniq_ijyb
D:4:      kennysheep_slugbush, layout_basic, kennysheep_vampire_church,
          minmay_temple_entry_statues_fountains, roderic_three_in_a_row,
          uniq_menkaure
D:5:      nicolae_cairo_tiling_large_dashed, layout_gridville,
          nicolae_sif_muna_condensation, kennysheep_slug_shrine,
          lemuel_round_altar, kennysheep_generic_room_3
D:6:      layout_basic, serial_shops, shop, grunt_ministairs_10,
          chequers_serial_rivers_micro_b, chequers_mini_garden,
          hangedman_abyss_or_decor_jellyfish_corner, uniq_maggie
D:7:      layout_basic, mainiacjoe_overflow_large_starburst
D:8:      layout_basic, lair_entry_dummy
D:9:      layout_loops_corners, gammafunk_ghost_berserking_beasts,
          patterned_corridor
D:10:     hangedman_screamer, layout_irregular_city
Temple:   regret_index_temple_sphere_string

Skill      XL: |  1  2  3  4  5  6  7  8  9 10 11 |
---------------+----------------------------------+-----
Invocations    | 1 2 3 4 5 6 |  6.6
Short Blades   | 1 2 3 4 5 6 |  6.0
Long Blades    | 1 2 3 4 5 6 |  6.0
Maces & Flails | 1 2 3 4 5 6 |  6.0
Polearms       | 1 2 3 4 5 6 |  6.0
Staves         | 1 2 3 4 5 6 |  6.0
Slings         | 1 2 3 4 5 6 |  6.0
Bows           | 1 2 3 4 5 6 |  6.0
Crossbows      | 1 2 3 4 5 6 |  6.0
Throwing       | 1 2 3 4 5 6 |  6.0
Dodging        | 1 2 3 4 5 6 |  6.0
Stealth        | 1 2 3 4 5 6 |  6.0
Unarmed Combat | 1 2 3 4 5 6 |  6.0
Spellcasting   | 1 2 3 4 5 6 |  6.0
Evocations     | 1 2 3 4 5 6 |  6.0
Conjurations   | 1 2 3 4 5 |  5.0
Hexes          | 1 2 3 4 5 |  5.0
Summonings     | 1 2 3 4 5 |  5.0
Necromancy     | 1 2 3 4 5 |  5.0
Translocations | 1 2 3 4 5 |  5.0
Transmutations | 1 2 3 4 5 |  5.0
Fire Magic     | 1 2 3 4 5 |  5.0
Ice Magic      | 1 2 3 4 5 |  5.0
Air Magic      | 1 2 3 4 5 |  5.0
Earth Magic    | 1 2 3 4 5 |  5.0
Poison Magic   | 1 2 3 4 5 |  5.0
Axes           | 5 6 7 |  7.6
Fighting       | 7 8 9 |  9.0
Armour         | 7 8 9 |  9.0
Shields        | 7 8 9 |  9.0

Action                   |  1- 3 |  4- 6 |  7- 9 | 10-12 || total
-------------------------+-------+-------+-------+-------++-------
Melee: War axe           |   116 |   120 |   229 |   186 ||   651
       Bite              |     2 |    19 |    22 |    36 ||    79
       Dagger            |       |       |     3 |       ||     3
       Flail             |       |       |       |    92 ||    92
 Fire: Hunting sling     |       |       |       |    73 ||    73
Throw: Stone             |     3 |    17 |    40 |    12 ||    72
       Dart              |       |     2 |    13 |     6 ||    21
       Throwing net      |       |       |     1 |       ||     1
Invok: Heroism           |       |       |     1 |     2 ||     3
       Finesse           |       |       |       |     1 ||     1
Evoke: Wand              |       |       |     6 |     2 ||     8
  Use: Scroll            |       |     7 |     4 |     8 ||    19
       Potion            |       |       |     1 |     1 ||     2
 Stab: Held in net/web   |       |       |     1 |       ||     1
Armor: Scale mail        |    54 |    75 |    99 |       ||   228
       Plate armour      |       |       |    58 |   160 ||   218
Dodge: Dodged            |    51 |    63 |   131 |    89 ||   334
Block: Buckler           |    40 |    36 |    68 |    73 ||   217
